[Event "POL-chT Ekstraliga 2018"]
[Site "Wroclaw"]
[Date "2018.09.14"]
[Round "4"]
[White "Michalik, Peter"]
[Black "Leniart, Arkadiusz"]
[Result "1-0"]
[ECO "C55"]
[WhiteElo "2556"]
[BlackElo "2494"]
[Annotator "RC"]
[PlyCount "81"]
[EventDate "2018.06.08"]
[EventType "team-tourn"]
[EventCountry "POL"]
[SourceTitle "playchess.com"]
[Source "ChessBase"]
[SourceQuality "1"]
[TimeControl "40/5400+30:1800+30"]

1. e4 e5 2. Nf3 Nc6 3. Bc4 Nf6 4. d3 Be7 5. O-O O-O 6. Re1 d6 7. a4 Na5 8. Ba2 c5 9. c3 Nc6 10. Nbd2 Be6 11. Bxe6 fxe6 12. Nf1 Ne8 13. Rb1 Nc7 14. Be3 d5 15. Ng3 d4 16. Bd2 Rb8 17. h3 Qd7 18. Qe2 b5 19. axb5 Rxb5 20. c4 Rb3 21. Red1 Rfb8 22. Bc1 Bd6 23. Ra1 R3b6 24. h4 Ra6 25. Rxa6 Nxa6 26. h5 Na5 27. h6 g6 28. Nf1 Nb4 29. N1h2 Nb3 30. Bg5 Qc7 31. Ng4 Nc6 32. Bf6 a5 33. Bg7 Be7 34. Nfxe5 a4 35. Qf3 Bg5 36. Nxc6 Qxc6 37. Qg3 Qb6 38. Bf6 Bc1 39. Be5 Rb7 40. Qf3 Bg5 41. Nf6+ 1-0

[Event "POL-chT Ekstraliga 2018"]
[Site "Wroclaw"]
[Date "2018.09.14"]
[Round "4"]
[White "Osmak, Iulija"]
[Black "Majdan, Joanna"]
[Result "0-1"]
[ECO "A43"]
[WhiteElo "2405"]
[BlackElo "2371"]
[Annotator "NA"]
[PlyCount "82"]
[EventDate "2018.06.08"]
[EventType "team-tourn"]
[EventCountry "POL"]
[SourceTitle "playchess.com"]
[Source "ChessBase"]
[SourceQuality "1"]
[TimeControl "40/5400+30:1800+30"]

1. d4 c5 2. d5 e6 3. e4 Nf6 4. dxe6 dxe6 5. Qxd8+ Kxd8 6. Nc3 Nc6 7. Bf4 Bd7 8. O-O-O Be7 9. Nf3 h6 10. h3 g5 11. Bh2 Ke8 12. e5 Nd5 13. Ne4 Rd8 14. Nfd2 Na5 15. Be2 Bc6 16. Bf3 Kf8 17. Nd6 Bxd6 18. exd6 Nf4 19. h4 Kg7 20. hxg5 hxg5 21. Bxc6 Nxc6 22. Ne4 Kg6 23. Nxc5 b6 24. Ne4 f5 25. Nc3 $15 Nxg2 26. Nb5 Kf6 27. d7 f4 28. Nd6 Rxd7 29. Ne4+ Ke7 30. Rdg1 Nh4 31. Rxg5 Nf5 32. Rgg1 Ncd4 33. Nc3 Rh4 34. Bxf4 Rxf4 35. Rh7+ Kd8 36. Rg8+ Kc7 37. Rhh8 Rxf2 38. Rc8+ Kb7 39. Rb8+ Ka6 40. b4 Rxc2+ 41. Kb1 Rxc3 0-1

[Event "POL-chT Ekstraliga 2018"]
[Site "Wroclaw"]
[Date "2018.09.14"]
[Round "4"]
[White "Hnydiuk, Aleksander"]
[Black "Mikrut, Dariusz"]
[Result "1-0"]
[ECO "A45"]
[WhiteElo "2397"]
[BlackElo "2379"]
[Annotator "NA"]
[PlyCount "93"]
[EventDate "2018.06.08"]
[EventType "team-tourn"]
[EventCountry "POL"]
[SourceTitle "playchess.com"]
[Source "ChessBase"]
[SourceQuality "1"]
[TimeControl "40/5400+30:1800+30"]

1. d4 Nf6 2. Bf4 d6 3. Nc3 g6 4. e4 Bg7 5. Qd2 a6 6. Bh6 O-O 7. O-O-O b5 8. f3 Bxh6 9. Qxh6 b4 10. Nce2 c5 11. e5 Nd5 {[%emt 0:11:06] [#]} 12. dxc5 $2 ({Better is} 12. h4 $1 $18) 12... dxe5 13. Ng3 e6 14. Bc4 Qe7 15. Ne4 Nd7 16. Nh3 Bb7 17. Nhg5 f6 (17... f5 $16) 18. Nxe6 Qxe6 $18 19. Qd2 Rac8 20. Bxd5 Bxd5 21. Qxd5 Qxd5 22. Rxd5 f5 23. Nd6 Rxc5 24. Nxf5 gxf5 25. Rxd7 Rfc8 26. Rd2 e4 27. fxe4 fxe4 28. Re1 Re8 29. Rd4 e3 30. Rxb4 Rg5 31. g3 Rf5 32. Rb3 e2 33. Kd2 Rf2 34. h3 Rh2 35. h4 Rg2 36. Re3 Rxe3 37. Kxe3 Rxg3+ 38. Kxe2 Rg4 39. Rh1 Rg2+ 40. Kd3 Kf7 41. Rf1+ Ke6 42. Rf4 Ke5 43. Ra4 Rg6 44. Re4+ Kf5 45. Ra4 h5 46. Ra5+ Kg4 47. Rg5+ 1-0

[Event "POL-chT Ekstraliga 2018"]
[Site "Wroclaw"]
[Date "2018.09.14"]
[Round "4"]
[White "Pacak, Patrycja"]
[Black "Warakomska, Anna"]
[Result "0-1"]
[ECO "A03"]
[WhiteElo "1754"]
[BlackElo "2349"]
[Annotator "NA"]
[PlyCount "62"]
[EventDate "2018.06.08"]
[EventType "team-tourn"]
[EventCountry "POL"]
[SourceTitle "playchess.com"]
[Source "ChessBase"]
[SourceQuality "1"]
[TimeControl "40/5400+30:1800+30"]

1. f4 d5 2. Nf3 g6 3. g3 Bg7 4. Bg2 Nh6 5. d3 Nc6 6. Nc3 d4 7. Ne4 $11 Nf5 8. c3 h5 9. Qa4 O-O 10. O-O Qe8 11. Nfg5 e5 12. c4 Ne3 13. Bxe3 dxe3 14. fxe5 Qxe5 15. b4 Qe7 16. Rab1 Nd4 17. h4 Nxe2+ 18. Kh2 f6 19. Qd1 Nd4 20. Re1 e2 21. Qc1 fxg5 22. Nxg5 c6 23. b5 Bg4 24. bxc6 bxc6 25. c5 Rf2 26. Ne4 Rxg2+ 27. Kxg2 Bf3+ 28. Kh2 Bxe4 29. dxe4 Nf3+ 30. Kh1 Qxe4 31. Qf4 Qxf4 0-1